 Dungeon Crawl Stone Soup version 0.27-a0-1557-g57f10a385c (webtiles) character file.

Game seed: 12827972709075990602

173 MovingMist the Skirmisher (level 5, -2/33 HPs)
             Began as a Gargoyle Fighter on July 16, 2021.
             Slain by a gnoll (8 damage)
             ... on level 2 of the Dungeon.
             The game lasted 00:07:26 (3602 turns).

MovingMist the Skirmisher (Gargoyle Fighter)        Turns: 3602, Time: 00:07:27

Health: -2/33      AC: 11    Str: 20    XL:     5   Next: 53%
Magic:  5/5        EV:  8    Int:  8    God:
Gold:   122        SH:  9    Dex: 10    Spells: 4/4 levels left

rFire    . . .     SeeInvis .   a - +0 flail
rCold    . . .     Faith    .   c - +0 kite shield
rNeg     + . .     Spirit   .   b - +0 scale mail
rPois    ∞         Reflect  .   (no helmet)
rElec    +         Harm     .   (no cloak)
rCorr    .         Rampage  .   (no gloves)
Will     .....                  (no boots)
Stlth    ..........             (no amulet)
HPRegen  0.11/turn              (no ring)
MPRegen  0.09/turn              (no ring)

@: no status effects
A: sickness immunity, AC +4, negative energy resistance 1, electricity
resistance, torment resistance 1, petrification resistance
a: no special abilities


You were on level 2 of the Dungeon.
You visited 1 branch of the dungeon, and saw 3 of its levels.

You collected 122 gold pieces.

Inventory:

Hand Weapons
 a - a +0 flail (weapon)
Missiles
 n - a throwing net (quivered)
Armour
 b - a +0 scale mail (worn)
 c - a +0 kite shield (worn)
Scrolls
 e - 2 scrolls of fear {unknown}
 f - 2 scrolls of holy word {unknown}
 g - 2 scrolls of teleportation {unknown}
 j - a scroll of summoning {unknown}
 m - 2 scrolls of identify {unknown}
Potions
 d - 3 potions of might
 h - 3 potions of curing {unknown}
 i - a potion of cancellation {unknown}
 k - 2 potions of ambrosia {unknown}
 l - a potion of berserk rage {unknown}


   Skills:
 + Level 4.1 Fighting
 + Level 3.0 Maces & Flails
 + Level 4.1 Armour
 * Level 2.4 Dodging
 - Level 3.2 Shields


You had 4 spell levels left.
You didn't know any spells.
Your spell library was empty.

Dungeon Overview and Level Annotations

Branches:
Dungeon (3/15)

Altars:


Innate Abilities, Weirdness & Mutations

You are immune to sickness and miasma.
Your stone body is resilient. (AC +4)
You are immune to poison.
You resist negative energy. (rN+)
You are resistant to electric shocks. (rElec)
You are resistant to unholy torment.
You are immune to petrification.


Message History

The gnoll closely misses you. You block the orc's attack.
You block the gnoll's attack. x2
The orc hits you but does no damage.
There is an open door here.
You closely miss the orc. The orc hits you but does no damage.
The orc hits you with a +0 club.
You barely miss the orc. You block the orc's attack.
You sock the orc!
You kill the orc!
You thump the gnoll!
The gnoll is almost dead.
The gnoll hits you but does no damage. x2
You sock the gnoll!
You kill the gnoll!
You hit the gnoll but do no damage. The gnoll hits you but does no damage.
The gnoll hits you with a +0 flail.
You are too injured to fight recklessly!
You are too injured to fight recklessly!
You are too injured to fight recklessly!
You are too injured to fight recklessly!
You are too injured to fight recklessly!
You barely miss the gnoll. The gnoll closely misses you.
You barely miss the gnoll. The gnoll closely misses you.
The gnoll hits you with a +0 flail.
You closely miss the gnoll. You block the gnoll's attack.
You closely miss the gnoll. The gnoll hits you but does no damage.
You block the gnoll's attack.
You hit the gnoll.
The gnoll is moderately wounded.
You block the gnoll's attack.
You closely miss the gnoll.
The gnoll is moderately wounded.
The gnoll hits you with a +0 flail.
* * * LOW HITPOINT WARNING * * *
The gnoll closely misses you.
Your scale mail prevents you from hitting the gnoll.
The gnoll is moderately wounded.
The gnoll hits you but does no damage. The gnoll hits you with a +0 flail!
You die...

##########............).#
#.#
.........'..............#
#.##
##########..............#
#...
...#....................#
####
.....####.#######)#######
##.######.### #.#
...#....#.#.# #.#
.###.##.#.#.#####g#
........#.#.....@.#
####.#..#.#########
...#.####.# ##.#......#
#.######## #.# ##.# ...#
####


You could see a gnoll.

Vanquished Creatures
  6 gnolls
  4 adders
  2 worms (D:3)
  2 dart slugs (D:1)
  4 orcs
  5 ball pythons
  4 bats
  8 endoplasms
  A giant cockroach (D:1)
  8 goblins
  2 hobgoblins (D:2)
  4 quokkas
  2 frilled lizards
  11 kobolds
  4 rats
67 creatures vanquished.

Notes
Turn   | Place    | Note
-------+----------+-------------------------------------------
     0 | D:1      | MovingMist the Gargoyle Fighter began the quest for the
                  | Orb.
     0 | D:1      | Reached XP level 1. HP: 14/14 MP: 1/1
   170 | D:1      | Reached XP level 2. HP: 10/19 MP: 2/2
   737 | D:1      | Reached skill level 1 in Dodging
   950 | D:1      | Reached XP level 3. HP: 19/23 MP: 3/3
  1113 | D:1      | Found a faded altar of an unknown god.
  2329 | D:3      | Reached XP level 4. HP: 28/29 MP: 4/4
  3127 | D:2      | Reached XP level 5. HP: 22/33 MP: 5/5
  3602 | D:2      | Slain by a gnoll

Illustrated notes

Levels and vault maps discovered:
D:1:      dpeg_arrival_snail, layout_basic, chequers_ecumenical_altar_twisty,
          minmay_misc_feat_secret_circle, minmay_tromino_i2
D:2:      layout_basic, st_stairs_13
D:3:      layout_rooms

Skill      XL: |  1  2  3  4  5 |
---------------+----------------+-----
Dodging        | 1 2 |  2.4
Fighting       | 4 |  4.1
Armour         | 4 |  4.1
Maces & Flails | 3 |  3.0
Shields        | |  3.2

Action                   |  1- 3 |  4- 6 || total
-------------------------+-------+-------++-------
Melee: Flail             |   115 |   123 ||   238
Armor: Scale mail        |    65 |    64 ||   129
Dodge: Dodged            |    41 |    46 ||    87
Block: Kite shield       |    85 |    79 ||   164

Table legend: (Time is in decaauts)
 A = Elapsed time spent in this place.
 B = Non-inter-level travel time spent in this place.
 C = Inter-level travel time spent in this place.
 D = Time resting spent in this place.
 E = Time spent auto-exploring this place.
 F = Levels seen in this place.
 G = Mean time per level.
                   A        B        C        D        E       F      G
               +--------+--------+--------+--------+--------+-----+--------+
         Total |   3722 |   3611 |    111 |   1058 |   1592 |   3 | 1240.7 |
       Dungeon |   3722 |   3611 |    111 |   1058 |   1592 |   3 | 1240.7 |
               +--------+--------+--------+--------+--------+-----+--------+

Top non-repeatable levels by time:
     D:1: 1794 daAuts
     D:2: 1575 daAuts
     D:3: 353 daAuts
